Map: Catalyst LE

Players

Chendar - Winner!

  • Race: Zerg Zerg
  • Spawn Location: 5:00

erL

  • Race: Terran Terran
  • Spawn Location: 11:00

Event: WCS Leipzig 2018

VOD

Have the link to the VOD?

Description

Time

  • Played on: Jan. 26, 2018, 7:28 a.m.
  • Length: 10:28

All games in this series

Show
View Real Time Build Order
Export as new Build Order

Chendar Zerg - Winner!

Build Orders: Hatch First, Muta Ling Bane 

Get SALT Encoding   

  12  0:00  Drone  
  13  0:13  Overlord  
  13  0:19  Drone  
  14  0:31  Drone x2  
  16  0:37  Drone  
  17  0:46  Drone  
  18  0:56  Hatchery  
  17  0:59  Drone  
  17  1:02  Extractor  
  17  1:10  Drone  
  18  1:17  Spawning Pool  
  17  1:20  Drone  
  18  1:31  Drone  
  19  1:39  Drone  
  20  1:50  Drone  
  21  2:00  Overlord  
  21  2:06  Metabolic Boost  
  21  2:07  Queen  
  21  2:08  Queen  
  25  2:09  Zergling x2  
  25  2:12  Zergling x2  
  27  2:19  Drone  
  28  2:23  Drone  
  28  2:29  Drone  
  30  2:38  Drone  
  30  2:42  Overlord  
  30  2:43  Queen x2  
  35  2:46  Drone  
  36  2:56  Overlord  
  36  2:57  Overlord  
  36  3:04  Drone  
  37  3:05  Drone  
  38  3:18  Drone x3  
  38  3:19  Queen x2  
  45  3:21  Drone  
  46  3:28  Drone x2  
  46  3:29  Drone  
  46  3:31  Drone  
  46  3:32  Drone  
  49  3:43  Hatchery  
  49  3:46  Hatchery  
  48  3:54  Queen  
  48  3:55  Queen  
  50  4:01  Drone x2  
  54  4:04  Drone x3, Extractor  
  54  4:07  Drone  
  54  4:08  Extractor  
  56  4:10  Drone x2  
  56  4:12  Drone  
  56  4:15  Drone  
  56  4:16  Overlord  
  60  4:27  Overlord x2  
  60  4:34  Queen x2  
  64  4:43  Zergling x8  
  64  4:44  Overlord  
  68  4:50  Drone x2  
  68  4:51  Drone  
  68  4:52  Drone x2  
  73  4:53  Drone  
  73  4:57  Drone  
  73  4:58  Baneling Nest  
  73  4:59  Drone  
  76  5:07  Drone x4  
  76  5:13  Lair  
  79  5:16  Drone x3  
  82  5:22  Drone x4  
  82  5:26  Extractor x2  
  84  5:29  Drone x2  
  84  5:30  Extractor  
  84  5:31  Drone x2  
  84  5:34  Drone, Evolution Chamber  
  88  5:35  Drone  
  88  5:36  Evolution Chamber  
  88  5:39  Zergling x2  
  88  5:43  Overlord x2  
  88  5:53  Overlord x3  
  88  5:58  Overlord x3  
  88  6:02  Drone x2  
  91  6:04  Drone x3  
  91  6:05  Zergling x6  
  96  6:11  Zerg Ground Armor Level 1, Zerg Melee Weapons Level 1  
  93  6:26  Overlord x2  
  93  6:29  Spire  
  93  6:31  Queen  
  94  6:39  Zergling x2  
  95  6:40  Zergling x16, Hatchery  
  101  7:05  Overlord  
  101  7:06  Overlord x2  
  101  7:13  Drone x3, Hatchery  
  101  7:20  Zergling x2  
  101  7:21  Zergling x24, Hatchery  
  101  7:26  Centrifical Hooks  
  101  7:38  Baneling x2  
  101  7:39  Baneling x18  
  101  7:40  Baneling x5  
  101  7:41  Zergling x10  
  101  7:43  Zergling x2  
  101  7:44  Zergling x2  
  88  8:15  Queen x3  
  88  8:17  Mutalisk  
  88  8:18  Mutalisk x10  
  115  8:24  Zergling x10  
  115  8:25  Zergling x4  
  116  8:36  Zergling x2  
  116  8:37  Zergling x14  
  124  8:44  Baneling  
  124  8:45  Baneling x8  
  122  8:59  Mutalisk  
  122  9:00  Mutalisk x7  
  133  9:07  Mutalisk x2  
  136  9:10  Zergling x2  
  136  9:11  Zergling x8  
  133  9:20  Mutalisk x2  
  125  9:43  Mutalisk  
  125  9:44  Mutalisk x3  
  128  9:47  Zergling x2  
  128  9:48  Zergling x36  
  145  9:57  Mutalisk x2  
Show
View Real Time Build Order
Export as new Build Order

erL Terran 

Build Orders: Reaper Expand, MMM Bio 

Get SALT Encoding   

  12  0:01  SCV  
  13  0:13  SCV  
  14  0:18  Supply Depot  
  14  0:25  SCV  
  15  0:40  SCV  
  15  0:41  Barracks  
  16  0:46  Refinery  
  16  0:52  SCV  
  18  1:04  SCV  
  18  1:16  SCV  
  19  1:28  Orbital Command  
  19  1:30  Reaper  
  20  1:42  Command Center  
  20  1:53  Barracks  
  20  1:56  SCV  
  21  2:03  Barracks Reactor  
  22  2:08  SCV  
  22  2:13  Supply Depot  
  22  2:18  Refinery  
  22  2:20  SCV  
  23  2:38  SCV  
  23  2:40  Factory, Marine  
  23  2:41  Barracks Tech Lab, Marine  
  25  2:50  SCV  
  26  2:58  Orbital Command, Marine  
  26  2:59  Marine  
  26  3:02  SCV, Marine  
  30  3:14  SCV  
  30  3:16  Marine  
  32  3:22  Marine  
  32  3:25  Marine  
  32  3:26  SCV x2  
  36  3:38  SCV, Starport  
  36  3:41  Factory Reactor  
  37  3:43  SCV  
  37  3:44  Marine x2  
  40  3:50  Stimpack  
  40  3:51  Marine  
  41  3:57  Supply Depot  
  41  3:58  SCV  
  41  4:00  SCV  
  41  4:02  Marine  
  44  4:07  Marine  
  44  4:09  Marine  
  46  4:19  SCV x2, Supply Depot  
  48  4:26  Medivac x2, Factory Tech Lab  
  48  4:27  Marine  
  53  4:36  SCV  
  53  4:37  Engineering Bay  
  54  4:41  SCV, Supply Depot, Marine  
  56  4:46  Siege Tank  
  56  4:49  SCV  
  60  4:53  SCV  
  60  4:54  Supply Depot, Marine  
  62  5:03  SCV  
  62  5:05  Starport Reactor  
  63  5:08  Barracks  
  63  5:09  Barracks  
  63  5:14  Barracks  
  63  5:16  Terran Infantry Weapons Level 1  
  63  5:17  SCV  
  63  5:20  Refinery  
  64  5:23  SCV  
  64  5:24  Marine x3  
  68  5:31  Siege Tank  
  68  5:32  SCV  
  68  5:35  SCV  
  73  5:42  Marine  
  74  5:45  SCV  
  74  5:47  SCV  
  76  5:51  Starport Reactor  
  76  5:57  SCV  
  76  5:59  SCV  
  78  6:05  Supply Depot, Barracks Reactor  
  78  6:08  Supply Depot x3  
  78  6:09  Supply Depot  
  78  6:14  Marine  
  78  6:20  Marine  
  78  6:22  SCV  
  78  6:26  SCV, Supply Depot, Siege Tank  
  78  6:27  Combat Shields  
  78  6:29  Supply Depot, Marine x5  
  87  6:42  Medivac x2  
  87  6:43  Marine x3  
  87  6:44  Marine  
  87  6:46  Marine  
  84  7:04  Marine  
  84  7:05  Marine x8  
  93  7:12  Medivac x2  
  95  7:20  Terran Infantry Armor Level 1  
  95  7:22  Marine x2  
  92  7:23  Marine x4  
  92  7:24  Marine x3  
  92  7:29  Siege Tank  
  104  7:40  Marine x3  
  104  7:41  Marine x3  
  104  7:44  Supply Depot  
  106  7:53  Marine x3  
  106  7:58  Marine x3  
  106  7:59  Marine  
  106  8:02  Marine  
  106  8:03  Marine  
  99  8:10  Marine  
  99  8:11  Marine x2  
  85  8:16  Marine x4, Siege Tank  
  88  8:20  Marine  
  88  8:21  Marine  
  81  8:28  Marine  
  81  8:29  Marine x2  
  81  8:32  Medivac x2  
  81  8:34  Marine x4  
  88  8:38  Marine  
  88  8:39  Marine  
  93  8:46  Marine  
  93  8:47  Marine x2  
  95  8:51  Marine  
  90  8:58  Marine  
  78  9:05  Marine x6  
  76  9:11  Medivac x2  
  76  9:12  Marine x2  
  76  9:16  Marine  
  77  9:23  Marine x4  
  71  9:24  Siege Tank  
  71  9:29  Marine x2  
  71  9:30  Marine  
  72  9:37  Marine  
  72  9:38  Marine  
  67  9:40  Marine  
  67  9:41  Marine x2  
  55  9:47  Marine x4  
  58  9:55  Marine x2  
  58  9:58  Marine  
  58  10:01  Marine  
Tags
 
Add a new tag
Caveats
  • Supply blocks, unpowered buildings, or Contaminate may cause inaccurate times.
  • Supply counts are checked every 10 seconds.